AoeStats
← PeJeLaGaRtO

Four Lakes

509663912Analyzed
1v1 RM · 4d ago on Sep 27, 2026· 51m 16s· 2 players
Game mode
Random Map
Map size
Tiny (2 player)
Population
200
Speed
Normal
Resources
Standard
Victory
Conquest
Starting age
Dark Age
Ending age
Imperial Age
RankedLock teamsTeams togetherTeam positionsShared explorationLock speedFull tech treeHidden civsTurbo modeCheats
Victory
Defeat
🇩🇪 Britons · Germany
455
+22
🇦🇷 Byzantines · Argentina
481
-17
MunchingManatee
10:46 Feudal Age
11:07 Horse Collar
11:17 Double-Bit Axe
20:43 Castle Age
21:24 Wheelbarrow
21:26 Heavy Plow
21:25 Gold Mining
22:04 Bow Saw
23:22 Man-at-Arms
23:52 Gambesons
24:12 Squires
23:59 Arson
23:41 Pikeman
24:04 Crossbowman
26:57 Hand Cart
29:24 Loom
29:25 Town Watch
32:01 Husbandry
39:20 Imperial Age
36:57 Long Swordsman
40:35 Elite Longbowman
44:18 Hoardings
44:06 Cavalier
47:23 Two-Handed Swordsman
47:24 Halberdier
PeJeLaGaRtO
8:31 Loom
10:57 Feudal Age
14:33 Double-Bit Axe
14:35 Horse Collar
17:22 Gold Mining
17:25 Stone Mining
22:25 Castle Age
22:32 Elite Skirmisher
23:19 Thumb Ring
23:28 Squires
27:10 Stone Shaft Mining
27:10 Gold Shaft Mining
26:50 Forging
26:46 Scale Barding Armor
30:43 Wheelbarrow
30:51 Wheelbarrow
36:22 Imperial Age
33:44 Pikeman
37:41 Hand Cart
41:09 Iron Casting
40:55 Chain Barding Armor
41:41 Bow Saw
42:14 Halberdier
42:29 Elite Varangian Guard
42:56 Arson
44:35 Heavy Camel Rider
48:38 Plate Barding Armor
Connection lost

Rejoining the realm…

Still unreachable

The connection could not be restored.

Session expired

The server has moved on; the page needs a fresh start.